 Dungeon Crawl Stone Soup version 0.30-a0-782-ge64f9170bb (webtiles) character file.

Game seed: 4454642869739298098

17654 112233 the Reanimator (level 12, -6/95 HPs)
             Began as a Human Necromancer on Feb 28, 2023.
             Was an Initiate of Gozag.
             Mangled by an ettin
             ... wielding a +1 dire flail of holy wrath
              (39 damage)
             ... on level 10 of the Dungeon.
             The game lasted 00:31:08 (24725 turns).

112233 the Reanimator (Human Necromancer)          Turns: 24725, Time: 00:31:09

Health: -6/95      AC:  9    Str:  9    XL:     12   Next: 85%
Magic:  0/25       EV: 17    Int: 20    God:    Gozag
Gold:   963        SH:  0    Dex: 14    Spells: 19/30 levels left

rFire   + . .      SeeInvis .    H - +3 flail (holy)
rCold   . . .      Faith    .    (no shield)
rNeg    . . .      Spirit   +    a - +0 robe
rPois   .          Reflect  .    (no helmet)
rElec   .          Harm     .    L - +0 cloak
rCorr   .          Rampage  .    i - +1 pair of gloves
Will    .....                    (no boots)
Stlth   ++                       e - amulet of guardian spirit
HPRegen 0.35/turn                D - ring of Cuir {rF+ AC+4}
MPRegen 0.19/turn                (no ring)

@: no status effects
A: no striking features
a: Renounce Religion, Potion Petition, Call Merchant, Bribe Branch


You were on level 10 of the Dungeon.
You worshipped Gozag.
Gozag was pleased with you.
You visited 2 branches of the dungeon, and saw 14 of its levels.
You also visited: Sewer.

You collected 3521 gold pieces.
You spent 1193 gold pieces at shops.
You paid 1365 gold pieces to Gozag.

Inventory:

Hand Weapons
 n - a +0 battleaxe
 s - a +1 dagger of venom
 F - a +3 flail
 G - a +4 dagger of freezing
 H - a +3 flail of holy wrath (weapon)
 S - a +1 heavy double sword
Missiles
 c - 25 poisoned darts
Armour
 a - a +0 robe (worn)
 i - a +1 pair of gloves (worn)
 r - a +0 buckler
 t - an orb of wrath
 u - a +0 kite shield
 J - the +7 leather armour of the Realm of Zot {rPois rC+++ Will- Dex-5}
   (You bought it in a shop on level 8 of the Dungeon)

   Dex:       It affects your dexterity (-5).
   rC:        It renders you almost immune to cold.
   rPois:     It protects you from poison.
   Will:      It decreases your willpower.
 L - a +0 cloak (worn)
Jewellery
 e - an amulet of guardian spirit (around neck)
 D - the ring of Cuir (left hand) {rF+ AC+4}
   (You bought it in a shop on level 4 of the Dungeon)

   [ring of protection]

   AC:        It affects your AC (+4).
   rF:        It protects you from fire.
 N - a ring of ice
 O - a ring of flight
 Q - a ring of ice
 R - a +4 ring of protection
Wands
 K - a wand of iceblast (7)
 M - a wand of digging (4)
Scrolls
 f - 2 scrolls of enchant armour
 h - 3 scrolls of enchant weapon
 p - 4 scrolls of amnesia
 q - a scroll of poison
 v - 3 scrolls of fog
 w - a scroll of silence
 x - a scroll of fear
 y - a scroll of magic mapping {unknown}
 z - a scroll of torment {unknown}
 A - a scroll of vulnerability
 B - a scroll of noise
 C - 3 scrolls of blinking {unknown}
Potions
 b - 2 potions of might
 d - 4 potions of curing
 g - 4 potions of attraction
 j - 5 potions of degeneration
 k - a potion of cancellation
 l - 8 potions of flight
 m - a potion of resistance
 o - 4 potions of mutation
 I - 2 potions of brilliance


   Skills:
 + Level 9.3 Fighting
 + Level 10.7 Dodging
 - Level 2.0 Stealth
 + Level 9.9 Spellcasting
 + Level 11.2 Necromancy


You had 19 spell levels left.
You knew the following spells:

 Your Spells              Type           Power      Damage    Failure   Level
a - Necrotise             Necr           100%       1d9       1%          1
b - Vampiric Draining     Necr           53%        2d9       1%          3
d - Blink                 Tloc           18%        N/A       11%         2
e - Agony                 Necr           53%        N/A       1%          5

Your spell library contained the following spells:

 Spells                   Type           Power      Damage    Failure   Level
 Beastly Appendage        Tmut           18%        N/A       7%          1
 Lesser Beckoning         Tloc           18%        N/A       11%         2
 Momentum Strike          Conj/Tloc      18%        3d8       11%         2
 Wereblood                Tmut           9%         N/A       11%         2
 Gell's Gravitas          Tloc           9%         N/A       22%         3
 Kindle Blastsparks       Fire/Tloc/Air  18%        2d11      22%         3
 Spider Form              Tmut/Pois      9%         N/A       22%         3
 Teleport Other           Tloc           9%         N/A       22%         3
 Airstrike                Air            4%         2d(1-17)  56%         4
 Fulminant Prism          Conj/Hex       4%         3d5       56%         4
 Iskenderun's Mystic Bla  Conj/Tloc      9%         2d4       56%         4
 Summon Lightning Spire   Summ/Air       9%         N/A       56%         4
 Lee's Rapid Deconstruct  Erth           4%         3d5*      89%         5
 Lightning Bolt           Conj/Air       4%         1d16      89%         5
 Animate Dead             Necr           Unusable   N/A       N/A         4

Dungeon Overview and Level Annotations

Branches:
Dungeon (13/15)            Temple (0/1) D:6            Lair (0/5) D:11
    Orc (1/2) D:10          Sewer (visited)
 Vaults: D:13-14

Altars:
Cheibriados
Dithmenos
Gozag
Sif Muna
Trog
Vehumet
Xom
Yredelemnul
The Shining One

Shops:
D:4 =   D:6 ?   D:8 *   D:9 *

Annotations:
D:3 1 runed translucent door, exclusion: downstairs, postfeelist's ghost, amateur GnRe
D:5 exclusion: upstairs
D:6 exclusion: upstairs
D:10 exclusion: downstairs
D:11 Lessuoch's ghost, journeyman DsCj


Message History

You completely miss the orc wizard.
The orc wizard is severely wounded.
Casting: Vampiric Draining (safe; 1% risk of failure)
Confirm with . or Enter, or press ? or * to list all spells.
Okay, then.
Casting: Vampiric Draining (safe; 1% risk of failure)
Confirm with . or Enter, or press ? or * to list all spells.
Aiming: Agony (dangerous; 1% risk of failure)
Press: ? - help, Shift-Dir - straight line, f - ettin, p - orc wizard
Aim: an ettin, wielding a +1 dire flail of holy wrath and a +0 dire flail (chance to affect: 94%)
The ettin convulses!
Unknown command.
Casting: Agony (dangerous; 1% risk of failure)
Confirm with . or Enter, or press ? or * to list all spells.
Aiming: Agony (dangerous; 1% risk of failure)
Press: ? - help, Shift-Dir - straight line, f/p - ettin
Aim: an ettin, wielding a +1 dire flail of holy wrath and a +0 dire flail (heavily wounded, chance to affect: 94%)
The ettin convulses!
The ettin hits you with a +1 dire flail of holy wrath!
The ettin misses you.
Unknown command.
Casting: Agony (dangerous; 1% risk of failure)
Confirm with . or Enter, or press ? or * to list all spells.
Aiming: Vampiric Draining (safe; 1% risk of failure)
Press: ? - help, Shift-Dir - straight line, f/p - ettin
Aim: an ettin, wielding a +1 dire flail of holy wrath and a +0 dire flail (severely wounded)
You draw life force from the ettin!
You feel life coursing into your body.
The ettin hits you with a +1 dire flail of holy wrath!!
The ettin hits you with a +0 dire flail!!
Unknown command.
Casting: Vampiric Draining (safe; 1% risk of failure)
Confirm with . or Enter, or press ? or * to list all spells.
You don't have enough magic to cast this spell.
Unknown command.
Okay, then.
You feel much better.
The ettin hits you with a +1 dire flail of holy wrath!!
The ettin hits you with a +0 dire flail!!!
You die...
Your body crumbles into a pile of gold.

........##'## #####.#
######.##...# #...#[#
#....8.# #.8.[.#
####...## ##).)###
####'###'#)## ##)..##.#
######### #.>o##.#
........# ##..C##.#
........####'###@#.##
...######...#####...###
...# #.8.......8...#
...######...#####...#.#
........##'##########.#
.................####.#
################......#
# #.###### # #.#


You could see an ettin and an orc wizard.

Vanquished Creatures
  Nessos (D:13)
  3 two-headed ogres
  An anaconda (shapeshifter) (D:13)
  A tengu warrior (D:13)
  An ugly thing (D:11)
  A cyclops (D:11)
  A slime creature (D:12)
  An unseen horror (D:7)
  4 trolls
  A hornet (D:11)
  Sigmund (D:5)
  3 wyverns
  28 yaks
  A wraith (D:11)
  Grum (D:9)
  3 steam dragons
  2 acid dragons (D:10)
  Duvessa (D:4)
  3 water moccasins
  2 ice beasts
  4 black bears
  3 orc warriors
  4 ogres
  4 wolves (D:9)
  3 centaurs
  3 phantoms
  5 kobold brigands
  Blork the orc (D:4)
  A bullfrog (shapeshifter) (D:13)
  A gnoll sergeant (D:7)
  7 bullfrogs
  2 necrophages (D:6)
  3 scorpions
  9 wights
  Dowan (D:4)
  5 killer bees (D:10)
  5 howler monkeys
  5 electric eels (D:12)
  3 jellies
  2 hounds
  9 orc priests
  Crazy Yiuf (D:6)
  A gnoll bouda (D:4)
  Ijyb (D:5)
  7 orc wizards
  6 iguanas
  4 gnolls
  7 adders
  6 river rats (Sewer)
  A shadow imp (D:5)
  A white imp (D:5)
  An ufetubus (D:6)
  A worm (Sewer)
  5 dart slugs
  57 orcs
  13 ball pythons
  14 bats
  11 endoplasms
  4 giant cockroaches
  10 goblins
  7 hobgoblins
  11 jackals
  12 quokkas
  7 frilled lizards
  33 kobolds
  7 rats
368 creatures vanquished.

Vanquished Creatures (collateral kills)
  2 wights (D:7)
  An adder (Sewer)
  3 gnolls (D:2)
  A giant cockroach (Sewer)
  A kobold (D:2)
  A ball python (D:4)
  A bat (Sewer)
  2 frilled lizards (Sewer)
12 creatures vanquished.

Vanquished Creatures (others)
  A warg (D:13)
  2 orc wizards
  2 adder zombies (Sewer)
  3 orc zombies (D:5)
  43 fungi (D:11)
  37 plants (D:11)
88 creatures vanquished.

Grand Total: 468 creatures vanquished

Notes
Turn   | Place    | Note
-------+----------+-------------------------------------------
     0 | D:1      | 112233 the Human Necromancer began the quest for the Orb.
     0 | D:1      | Reached XP level 1. HP: 13/13 MP: 3/3
   126 | D:1      | Reached XP level 2. HP: 17/19 MP: 0/5
   359 | D:1      | Reached XP level 3. HP: 17/24 MP: 1/6
  1666 | D:2      | Learned a level 3 spell: Vampiric Draining
  1874 | D:2      | Reached XP level 4. HP: 21/30 MP: 6/8
  2245 | D:3      | Reached XP level 5. HP: 35/35 MP: 2/9
  3206 | D:3      | Found a runed translucent door.
  3250 | D:3      | Found a shadowy altar of Dithmenos.
  3275 | D:3      | Reached skill level 5 in Necromancy
  3534 | D:3      | Found a basalt altar of Yredelemnul.
  3604 | D:3      | Reached XP level 6. HP: 41/41 MP: 9/11
  3729 | D:3      | Noticed postfeelist's ghost (amateur GnRe)
  3755 | D:4      | Noticed an ogre
  3757 | D:4      | Noticed Dowan
  3758 | D:4      | Noticed Duvessa
  4054 | D:4      | Found a glowing drain.
  4069 | Sewer    | Entered a sewer
  4445 | Sewer    | Learned a level 4 spell: Animate Dead
  4894 | Sewer    | Reached XP level 7. HP: 41/46 MP: 5/12
  5325 | D:5      | Entered Level 5 of the Dungeon
  5636 | D:5      | Noticed Sigmund
  5650 | D:5      | Killed Sigmund
  5651 | D:5      | Reached skill level 5 in Dodging
  5651 | D:5      | Reached skill level 6 in Necromancy
  5761 | D:5      | Found a glowing golden altar of the Shining One.
  5907 | D:5      | Found an opulent altar of Gozag.
  5916 | D:5      | Became a worshipper of Gozag Ym Sagoz the Greedy
  5919 | D:5      | Identified a scroll of acquirement
  5923 | D:5      | Acquired 723 gold pieces
  5958 | D:5      | Reached XP level 8. HP: 52/52 MP: 12/15
  5961 | D:5      | Learned a level 2 spell: Blink
  6162 | D:5      | Reached skill level 1 in Fighting
  6162 | D:5      | Reached skill level 5 in Spellcasting
  7287 | D:6      | Found a staircase to the Ecumenical Temple.
  7293 | D:6      | Found a radiant altar of Vehumet.
  7307 | D:6      | Reached skill level 7 in Necromancy
  7382 | D:6      | Reached XP level 9. HP: 63/63 MP: 8/17
  8071 | D:6      | Found a runed translucent door.
  8072 | D:6      | Noticed Crazy Yiuf
  8115 | D:6      | Found Beumur's Magic Scroll Boutique.
  8121 | D:6      | Bought a scroll of identify for 20 gold pieces
  8121 | D:6      | Bought a scroll of amnesia for 40 gold pieces
  8121 | D:6      | Bought a scroll of fear for 40 gold pieces
  8287 | D:6      | Found a shimmering altar of Xom.
  8879 | D:5      | Learned a level 5 spell: Agony
  8939 | D:4      | Noticed Ijyb
  8948 | D:5      | Killed Ijyb
  9376 | D:4      | Killed Duvessa
  9572 | D:4      | Killed Dowan
  9968 | D:4      | Noticed Blork the orc
  9975 | D:4      | Killed Blork the orc
 10017 | D:4      | HP: 3/66 [poisoned by an orc wizard]
 10437 | D:4      | Reached skill level 8 in Necromancy
 10587 | D:4      | Found Hiajor's Jewellery Shoppe.
 10611 | D:4      | Bought the ring of Cuir {rF+ AC+4} for 500 gold pieces
 10663 | D:4      | Reached XP level 10. HP: 66/73 MP: 9/19
 11307 | D:7      | Reached skill level 5 in Fighting
 12506 | D:7      | Killed an unseen horror
 13652 | D:7      | Reached skill level 9 in Necromancy
 13904 | D:8      | Found Mainel's Assorted Antiques.
 13914 | D:8      | Bought a potion of might for 124 gold pieces
 13914 | D:8      | Bought an orange potion for 27 gold pieces
 13914 | D:8      | Bought a potion of curing for 93 gold pieces
 13914 | D:8      | Bought a twisted leather armour for 217 gold pieces
 13914 | D:8      | Identified the +7 leather armour of the Realm of Zot {rPois
                  | rC+++ Will- Dex-5} (You bought it in a shop on level 8 of
                  | the Dungeon)
 13950 | D:9      | Noticed a two-headed ogre
 13956 | D:9      | Killed a two-headed ogre
 13957 | D:9      | Reached XP level 11. HP: 70/83 MP: 2/22
 14074 | D:9      | Found Ireteom's Assorted Antiques.
 14083 | D:9      | Bought a scroll of fog for 108 gold pieces
 14083 | D:9      | Bought an orange potion for 24 gold pieces
 14105 | D:9      | Noticed Grum
 14800 | D:6      | Killed Crazy Yiuf
 16673 | D:8      | Found a snail-covered altar of Cheibriados.
 17181 | D:9      | Killed Grum
 17186 | D:9      | Reached skill level 10 in Necromancy
 17191 | D:9      | Noticed a two-headed ogre
 17941 | D:9      | Killed a two-headed ogre
 18350 | D:10     | Entered Level 10 of the Dungeon
 19217 | D:10     | Found a bloodstained altar of Trog.
 19898 | D:10     | Reached XP level 12. HP: 92/92 MP: 24/24
 19914 | D:10     | Found a staircase to the Orcish Mines.
 21017 | Orc:1    | Entered Level 1 of the Orcish Mines
 21017 | Orc:1    | Noticed an ettin
 21421 | D:11     | Noticed a two-headed ogre
 21582 | D:11     | Reached skill level 10 in Dodging
 21964 | D:12     | Noticed a two-headed ogre
 22040 | D:12     | Noticed a two-headed ogre
 22095 | D:11     | Found a staircase to the Lair.
 22241 | D:11     | Found a shimmering altar of Xom.
 22310 | D:11     | Killed a two-headed ogre
 23454 | D:11     | Noticed Lessuoch's ghost (journeyman DsCj)
 23735 | D:12     | Reached skill level 11 in Necromancy
 23900 | D:12     | Found a shimmering blue altar of Sif Muna.
 23994 | D:13     | Noticed a tengu warrior
 24022 | D:13     | Killed a tengu warrior
 24041 | D:13     | Noticed Nessos
 24146 | D:13     | Noticed an anaconda
 24156 | D:13     | Killed an anaconda
 24332 | D:13     | Killed Nessos
 24725 | D:10     | Mangled by an ettin

Illustrated notes

Levels and vault maps discovered:
D:1:      dpeg_arrival_rhombus, layout_basic, minmay_tetromino_t2
D:2:      layout_rooms, kennysheep_generic_room_7
D:3:      layout_rooms, nicolae_dithmenos_shadow_blocks, lemuel_doored_altar,
          ebering_ghost_sewer_d, amcnicky_mini_pool_small
D:4:      layout_basic, serial_shops, nicolae_shop_stone, portal_sewer_entry_f,
          uniq_ijyb, uniq_duvessa, uniq_blork_the_orc
D:5:      layout_loops_corners, mainiacjoe_overflow_cross_hatched,
          grunt_gozag_statues, uniq_sigmund
D:6:      layout_loops_cross, nicolae_vehumet_altar_sigil,
          general_overflow_altar, minmay_temple_entry_mist, serial_shops, shop,
          minmay_misc_feat_room, uniq_crazy_yiuf_cottage
D:7:      minmay_angry_zag, layout_cave_pods, kennysheep_pointless_box,
          nrook_loot_triangle
D:8:      layout_basic, kennysheep_slug_shrine, serial_shops,
          nicolae_shop_temple_entry_statues_fountains
D:9:      layout_long_grid, serial_shops, shop, uniq_grum
D:10:     layout_long_grid, lightli_temple_of_fire, hiddenorc2_lemuel
D:11:     layout_basic, due_lair_maze_entry_diamond, gammafunk_ghost_hive,
          portal_ice_cave_rime, xom_teletrap_fun, uniq_maurice
D:12:     hellmonk_destroyed_diamonds, layout_basic, serial_curves,
          eino_curves_01, eino_curves_03, nicolae_sif_muna_condensation
D:13:     hellmonk_crumbling_castle, layout_basic, david_vaults_4, uniq_nessos
Orc:1:    layout_caves, serial_shops, shop

Skill      XL: |  1  2  3  4  5  6  7  8  9 10 11 12 |
---------------+-------------------------------------+-----
Dodging        | 3 4 5 6 7 8 9 10 | 10.7
Spellcasting   | 3 4 5 6 7 8 9 |  9.9
Necromancy     | 5 6 7 8 9 10 11 | 11.2
Fighting       | 3 4 6 8 9 |  9.3
Stealth        | |  2.0

Action                     |  1- 3 |  4- 6 |  7- 9 | 10-12 || total
---------------------------+-------+-------+-------+-------++-------
  Melee: Unarmed           |    23 |    12 |     1 |       ||    36
         Dagger            |       |       |    59 |       ||    59
         Battleaxe         |       |       |    58 |    14 ||    72
         Flail             |       |       |       |   382 ||   382
         Punch             |       |       |       |     8 ||     8
   Cast: Necrotise         |    94 |   159 |   146 |   187 ||   586
         Animate Dead      |       |     2 |     1 |       ||     3
         Vampiric Draining |       |       |    46 |   229 ||   275
         Agony             |       |       |       |    13 ||    13
         Blink             |       |       |       |     1 ||     1
 Invoke: Potion Petition   |       |       |       |     4 ||     4
  Evoke: Wand              |       |       |    15 |    26 ||    41
    Use: Potion            |     2 |       |     7 |     6 ||    15
         Scroll            |     3 |     1 |    15 |     7 ||    26
   Stab: Distracted        |       |       |     1 |       ||     1
         Invisible         |       |       |     1 |       ||     1
         Paralysed         |       |       |       |     8 ||     8
 Armour: Robe              |    16 |    26 |    42 |   183 ||   267
         Skin              |       |       |       |    28 ||    28
  Dodge: Dodged            |    58 |    81 |   173 |   607 ||   919

Table legend: (Time is in decaauts)
 A = Elapsed time spent in this place.
 B = Non-inter-level travel time spent in this place.
 C = Inter-level travel time spent in this place.
 D = Time resting spent in this place.
 E = Time spent auto-exploring this place.
 F = Levels seen in this place.
 G = Mean time per level.
                   A        B        C        D        E       F      G
               +--------+--------+--------+--------+--------+-----+--------+
         Total |  25174 |  23765 |   1409 |   5974 |  13906 |  15 | 1678.3 |
       Dungeon |  23778 |  22369 |   1409 |   5775 |  12962 |  13 | 1829.1 |
  Orcish Mines |     14 |     14 |      0 |      0 |      0 |   1 |   14.0 |
         Sewer |   1381 |   1381 |      0 |    199 |    943 |   1 | 1381.0 |
               +--------+--------+--------+--------+--------+-----+--------+

Top non-repeatable levels by time:
     D:7: 3779 daAuts
     D:9: 2533 daAuts
    D:10: 2371 daAuts
    D:11: 2355 daAuts
     D:5: 2277 daAuts
     D:8: 1935 daAuts
     D:6: 1771 daAuts
     D:4: 1757 daAuts
     D:1: 1446 daAuts
   Sewer: 1381 daAuts
     D:2: 1352 daAuts
     D:3: 1283 daAuts
    D:12: 466 daAuts
    D:13: 449 daAuts
   Orc:1: 14 daAuts
